 Dungeon Crawl Stone Soup version 0.17.0-24-gcfadda4 (console) character file.

113 gw the Insei (level 4, -1/38 HPs)
             Began as a Demigod Monk on Nov 17, 2015.
             Succumbed to an orc's poison
             ... on level 3 of the Dungeon.
             The game lasted 00:02:54 (2415 turns).

gw the Insei (Demigod Monk)                         Turns: 2415, Time: 00:02:54

Health: -1/38      AC:  8    Str: 14    XL:     4   Next: 39%
Magic:  6/6        EV:  9    Int: 14    God:
Gold:   114        SH:  0    Dex: 20    Spells: 0 memorised, 3 levels left

rFire  . . .     SeeInvis .       - Unarmed
rCold  . . .     Clarity  .     j - +0 chain mail
rNeg   + . .     SustAt   +     (no shield)
rPois  .         Gourm    .     (no helmet)
rElec  .         Spirit   .     (no cloak)
rCorr  .         Warding  +     (no gloves)
rMut   .         Stasis   .     (no boots)
MR     .....                    i - amulet of warding
Stlth  ..........               (no ring)
                                d - +2 ring of evasion

@: lethally poisoned (-1 -> -22), not resistant to hostile enchantments,
extremely unstealthy
A: high mp 1, sustain attributes
a: no special abilities


You were on level 3 of the Dungeon.
You were not hungry.

You visited 1 branch of the dungeon, and saw 3 of its levels.

You collected 114 gold pieces.

Inventory:

Missiles
 e - 76 stones (quivered)
 k - 2 needles of sleeping
Armour
 j - a +0 chain mail (worn)
Jewellery
 d - a +2 ring of evasion (left hand)
 i - an amulet of warding (around neck)
Scrolls
 a - 2 scrolls of remove curse
 f - 2 scrolls of identify
 g - a scroll of magic mapping
 l - a scroll of recharging
 m - a scroll of random uselessness {unknown}
Comestibles
 b - 2 bread rations
 c - a beef jerky
 h - a royal jelly
 o - a slice of pizza


   Skills:
 + Level 3.3 Fighting
 + Level 1.5 Throwing
 + Level 1.8 Armour
 - Level 2.6 Dodging
 - Level 1.7 Stealth
 * Level 4.2 Unarmed Combat


You had 3 spell levels left.
You didn't know any spells.

Dungeon Overview and Level Annotations

Branches:
Dungeon (3/15)


Innate Abilities, Weirdness & Mutations

You have an increased reservoir of magic (+10% MP).
Your attributes are resistant to harm.


Message History

The orc wizard is almost dead.
You feel sick.
The orc wizard looks braver for a moment.
ATTACK MOVE TO (1,-1)
You closely miss the orc wizard.
The orc wizard is almost dead.
You feel sick.
The orc hits you with a short sword of venom.
The orc wizard casts a cantrip, but nothing happens.
ATTACK MOVE TO (1,-1)
You hit the orc wizard.
You kill the orc wizard!
You feel sick. The orc closely misses you.
ATTACKING (1,0)
Your chain mail prevents you from hitting the orc.
You feel sick. The orc barely misses you.
ATTACKING (1,0)
You hit the orc.
The orc is lightly wounded.
You die...

.[.. .(.(. ..(..
...... ......
#######......
#.....)......
#....po......
#............
#######............
#............#####.
# #..........?.# #
#............# #
#............# #
#............# #
#........#####


You could see an orc.

Table legend:
 A = Turns spent in this place as a percentage of turns spent in the entire game.
 B = Non-inter-level travel turns spent in this place as a percentage of non-inter-level travel turns spent in the entire game.
 C = Inter-level travel turns spent in this place as a percentage of turns spent in this place.
 D = Turns resting spent in this place as a percentage of non-inter-level travel turns spent in this place.
 E = Turns spent auto-exploring this place as a percentage of non-inter-level travel turns spent in this place.
 F = Non-inter-level travel turns spent in this place divided by the number of levels of this place that you've seen.
                   A       B       C       D       E      F
               +-------+-------+-------+-------+-------+----------------------
         Total | 100.0 | 100.0 |   0.2 |   0.7 |   2.6 | 1215.7
       Dungeon | 100.0 | 100.0 |   0.2 |   0.7 |   2.6 | 1215.7
               +-------+-------+-------+-------+-------+----------------------

Table legend:
 A = Kills in this place as a percentage of kills in entire the game.
 B = Kills by you in this place as a percentage of kills by you in the entire game.
 C = Kills by friends in this place as a percentage of kills by friends in the entire game.
 D = Other kills in this place as a percentage of other kills in the entire game.
 E = Experience gained in this place as a percentage of experience gained in the entire game.
 F = Experience gained in this place divided by the number of levels of this place that you have seen.
                   A       B       C       D       E      F
               +-------+-------+-------+-------+-------+----------------------
         Total | 100.0 | 100.0 |  -nan |  -nan | 100.0 |  54.0
       Dungeon | 100.0 | 100.0 |  -nan |  -nan | 100.0 |  54.0
               +-------+-------+-------+-------+-------+----------------------

Vanquished Creatures
  An orc wizard (D:3)
  2 adders (D:2)
  2 worms (D:2)
  2 orcs (D:3)
  5 bats
  3 giant cockroaches
  7 goblins
  13 hobgoblins
  A jackal (D:2)
  3 ball pythons (D:2)
  4 giant newts (D:2)
  3 kobolds
  18 rats
64 creatures vanquished.

Notes
Turn   | Place    | Note
--------------------------------------------------------------
     0 | D:1      | gw the Demigod Monk began the quest for the Orb.
     0 | D:1      | Reached XP level 1. HP: 18/18 MP: 3/3
   131 | D:1      | Reached XP level 2. HP: 25/25 MP: 4/4
   580 | D:1      | Reached skill level 1 in Armour
  1134 | D:2      | Reached XP level 3. HP: 31/31 MP: 5/5
  1176 | D:2      | Reached skill level 1 in Throwing
  1232 | D:2      | Reached skill level 4 in Unarmed Combat
  2319 | D:3      | Reached XP level 4. HP: 38/38 MP: 6/6
  2413 | D:3      | HP: 1/38 [poisoned by an orc]
  2415 | D:3      | Succumbed to an orc's poison

Action                   |  1- 3 |  4- 6 || total
-------------------------+-------+-------++-------
Melee: Unarmed           |   150 |    23 ||   173
Throw: Tomahawk          |    22 |       ||    22
       Stone             |    66 |     4 ||    70
  Use: Scroll            |     5 |       ||     5
       Potion            |     3 |       ||     3
  Eat: Chunk             |     4 |     1 ||     5

Vault maps used:
D:1:      erik_arrival_orb_chamber, dk_noncrumbling_3, minmay_door_square
D:2:      nicolae_overflow_hidden_temple, minivault_14,
          kennysheep_generic_room_12
D:3:      ashenzari_altar_1
